 Dungeon Crawl Stone Soup version 0.27-a0-538-g15ff5c5295 (webtiles) character file.

Game seed: 9385335975695702983

3152 Frqise the Cleaver (level 9, -3/82 HPs)
             Began as a Minotaur Berserker on Mar 6, 2021.
             Was an Elder of Trog.
             Slain by a gnoll sergeant
             ... wielding a +4 vorpal spear
              (5 damage)
             ... on level 7 of the Dungeon.
             The game lasted 00:11:07 (10770 turns).

Frqise the Cleaver (Minotaur Berserker)            Turns: 10770, Time: 00:11:07

Health: -3/82      AC:  4    Str: 24    XL:     9   Next: 62%
Magic:  8/8        EV: 14    Int:  4    God:    Trog [****..]
Gold:   162        SH:  0    Dex: 11    Spells: 8/8 levels left

rFire    x . .     SeeInvis .   a - +0 war axe
rCold    + . .     Faith    .   (no shield)
rNeg     . . .     Spirit   .   b - +1 animal skin
rPois    .         Reflect  .   (helmet restricted)
rElec    .         Harm     .   (no cloak)
rCorr    .         Rampage  .   (no gloves)
Will     .....                  l - +0 pair of boots
Stlth    ++........             (no amulet)
HPRegen  0.23/turn              v - ring of ice
MPRegen  0.11/turn              (no ring)

@: no status effects
A: horns 2, retaliatory headbutt
a: Renounce Religion, Berserk, Trog's Hand, Brothers in Arms


You were on level 7 of the Dungeon.
You worshipped Trog.
Trog was greatly pleased with you.
You visited 1 branch of the dungeon, and saw 6 of its levels.

You collected 274 gold pieces.
You spent 112 gold pieces at shops.

Inventory:

Hand Weapons
 a - a +0 war axe (weapon)
Armour
 b - a +1 animal skin (worn)
 l - a +0 pair of boots (worn)
Jewellery
 v - a ring of ice (left hand)
Wands
 p - a wand of digging (17)
 r - a wand of mindburst (22)
 u - a wand of flame (19)
Scrolls
 d - 3 scrolls of amnesia
 f - 5 scrolls of enchant armour
 g - a scroll of fear {unknown}
 i - 2 scrolls of fog {unknown}
 j - 3 scrolls of teleportation
 k - 3 scrolls of magic mapping {unknown}
 w - a scroll of blinking {unknown}
Potions
 c - 4 potions of curing
 e - a potion of degeneration {unknown}
 h - 2 potions of mutation {unknown}
 m - 2 potions of attraction {unknown}
 n - a potion of might {unknown}
 o - a potion of lignification {unknown}
 q - a potion of experience {unknown}
 s - a potion of heal wounds
 t - a potion of heal wounds


   Skills:
 * Level 8.5 Fighting
 * Level 10.9 Axes
 * Level 6.5 Armour
 + Level 6.2 Dodging
 - Level 2.8 Stealth


You had 8 spell levels left.
You didn't know any spells.
Your spell library was empty.

Dungeon Overview and Level Annotations

Branches:
Dungeon (7/15)
 Temple: D:4-7

Altars:
Ashenzari
Hepliaklqana
Sif Muna
Uskayaw
Wu Jian
Yredelemnul

Shops:
D:6 !


Innate Abilities, Weirdness & Mutations

You have a pair of horns on your head.
You reflexively headbutt those who attack you in melee.


Message History

You hear a shout! x4
The gnoll hits you with a +0 halberd!
A gnoll comes into view. It is wielding a +0 halberd.
You see here a +0 halberd.
You hit the gnoll.
The gnoll is moderately wounded.
The gnoll hits you but does no damage. The gnoll closely misses you.
You hit the gnoll.
You headbutt the gnoll, but do no damage.
The gnoll is heavily wounded.
The gnoll barely misses you. x2
You slash the gnoll!
You kill the gnoll!
Trog accepts your kill. 2 gnolls and a gnoll sergeant come into view.
The gnoll sergeant is wielding a +4 vorpal spear.
The gnoll shouts!
The gnoll closely misses you. You furiously retaliate!
You headbutt the gnoll.
The gnoll hits you from afar with a +0 halberd!
You see here a +0 halberd.
The gnoll closely misses you.
The gnoll sergeant hits you but does no damage.
The gnoll hits you with a +0 halberd.
You hit the gnoll.
The gnoll is moderately wounded.
You hit the gnoll. The gnoll hits you with a +0 halberd.
The gnoll sergeant hits you from afar with a +4 vorpal spear!
The gnoll hits you with a +0 halberd!
You slash the gnoll!
You kill the gnoll!
Trog accepts your kill.
You hit the gnoll but do no damage.
The gnoll sergeant hits you from afar with a +4 vorpal spear!
* * * LOW HITPOINT WARNING * * *
x2 The gnoll hits you with a +0 halberd.
* * * LOW HITPOINT WARNING * * *
Your ogre goes berserk!
The gnoll sergeant hits you from afar with a +4 vorpal spear!
* * * LOW HITPOINT WARNING * * *
You die...

#.......###
+.......'.#
#.......#.#
#)......#.#
#########.#
#.# #)#
#####g#
#ggO@.#
#.#####


You could see a gnoll sergeant (ally target), 2 gnolls and a friendly ogre
(summoned, berserk).

Vanquished Creatures
  Maggie (D:6)
  A hornet (D:7)
  2 orc warriors (D:7)
  4 ice beasts
  A black bear (D:7)
  3 ogres
  3 centaurs
  A phantom (D:6)
  2 kobold brigands (D:7)
  Blork the orc (D:4)
  5 bullfrogs (D:7)
  2 scorpions (D:7)
  An electric eel (D:7)
  A howler monkey (D:4)
  2 hounds (D:6)
  2 jellies
  2 orc priests
  2 iguanas (D:6)
  4 orc wizards
  6 worker ants
  2 hound skeletons (D:7)
  6 adders
  7 gnolls
  2 ufetubi
  An ooze (D:1)
  4 worms
  3 dart slugs
  7 leopard geckos
  5 orcs
  6 ball pythons
  7 giant cockroaches
  14 goblins
  6 hobgoblins
  7 jackals (D:1)
  4 quokkas
  9 bats
  9 frilled lizards
  19 kobolds
  A quokka skeleton (D:6)
  10 rats
175 creatures vanquished.

Vanquished Creatures (others)
  2 fungi (D:3)
  16 plants (D:1)
  11 toadstools (D:4)
29 creatures vanquished.

Grand Total: 204 creatures vanquished

Notes
Turn   | Place    | Note
-------+----------+-------------------------------------------
     0 | D:1      | Frqise the Minotaur Berserker began the quest for the Orb.
     0 | D:1      | Reached XP level 1. HP: 19/19 MP: 0/0
   162 | D:1      | Reached skill level 4 in Axes
   162 | D:1      | Reached XP level 2. HP: 21/27 MP: 1/1
   426 | D:1      | Reached ** piety under Trog
   517 | D:1      | Reached XP level 3. HP: 33/33 MP: 2/2
  1793 | D:2      | Reached XP level 4. HP: 23/40 MP: 3/3
  1959 | D:2      | Reached skill level 5 in Axes
  2040 | D:2      | Reached *** piety under Trog
  2127 | D:2      | Found a hazy altar of Hepliaklqana.
  2240 | D:3      | Found a basalt altar of Yredelemnul.
  2240 | D:3      | Found a shimmering blue altar of Sif Muna.
  2388 | D:3      | Noticed an ice beast
  2400 | D:3      | Killed an ice beast
  2401 | D:3      | Reached XP level 5. HP: 11/47 MP: 4/4
  2924 | D:3      | Reached skill level 1 in Stealth
  2927 | D:3      | Reached skill level 6 in Axes
  2928 | D:3      | HP: 3/70 [orc priest (3)]
  3727 | D:3      | Reached XP level 6. HP: 51/55 MP: 5/5
  4015 | D:3      | Found a broken altar of Ashenzari.
  4116 | D:4      | Reached skill level 5 in Fighting
  4138 | D:4      | Noticed Blork the orc
  4150 | D:4      | Killed Blork the orc
  4577 | D:4      | Reached skill level 7 in Axes
  4841 | D:4      | Reached XP level 7. HP: 61/61 MP: 6/6
  4847 | D:4      | You fall into a shaft and drop 2 floors!
  5075 | D:6      | Noticed Maggie
  5085 | D:6      | HP: 3/61 [phantom (7)]
  5087 | D:6      | HP: 1/61 [phantom (4)]
  5089 | D:6      | Reached skill level 8 in Axes
  5095 | D:6      | Killed Maggie
  5096 | D:6      | Reached XP level 8. HP: 13/70 MP: 7/7
  5472 | D:6      | Reached skill level 9 in Axes
  5828 | D:6      | Found Jiakk's Distillery.
  5832 | D:6      | Bought a potion of curing for 42 gold pieces
  5832 | D:6      | Bought a potion of heal wounds for 70 gold pieces
  5833 | D:6      | Found a hide-covered altar of Uskayaw.
  6065 | D:6      | Reached skill level 5 in Dodging
  6681 | D:6      | Found a shimmering blue altar of Sif Muna.
  6735 | D:7      | Noticed a hornet
  6744 | D:7      | Killed a hornet
  7223 | D:7      | Reached skill level 10 in Axes
  7465 | D:7      | Reached XP level 9. HP: 20/79 MP: 8/8
  8090 | D:7      | Reached skill level 5 in Armour
  8092 | D:7      | Reached **** piety under Trog
  8463 | D:7      | HP: 2/80 [kobold brigand/+0 dagger (7)]
  9477 | D:7      | Found an ornate altar of the Wu Jian Council.
 10770 | D:7      | HP: 2/82 [gnoll sergeant/+4 vorpal spear (14)]
 10770 | D:7      | Slain by a gnoll sergeant

Illustrated notes

Levels and vault maps discovered:
D:1:      roderic_crop_circles_arrival_small, layout_loops_ring,
          minmay_tromino_i2
D:2:      layout_rooms, general_overflow_altar
D:3:      layout_basic, ashenzari_altar_1, grunt_temple_overflow_open,
          minmay_shallow_snake_nest
D:4:      cheibrodos_fertilizer, layout_loops_ring, uniq_blork_the_orc
D:6:      layout_rooms, nicolae_overflow_crystal_walls, serial_shops,
          nicolae_shop_crystal, lemuel_blue_sif_altar, uniq_maggie
D:7:      minmay_thinvault, layout_basic, nzn_wu_jian_contemplation,
          minivault_14

Skill      XL: |  1  2  3  4  5  6  7  8  9 |
---------------+----------------------------+-----
Axes           | 4 5 6 7 8 10 | 10.9
Fighting       | 4 5 7 8 |  8.5
Dodging        | 3 4 5 6 |  6.2
Stealth        | 1 2 |  2.8
Armour         | 4 6 |  6.5

Action                   |  1- 3 |  4- 6 |  7- 9 || total
-------------------------+-------+-------+-------++-------
Melee: Hand axe          |   107 |    79 |       ||   186
       Headbutt          |    19 |    20 |    43 ||    82
       War axe           |       |    44 |   199 ||   243
Invok: Berserk           |     1 |     2 |     5 ||     8
       Trog's Hand       |       |     1 |     1 ||     2
       Brothers in Arms  |       |       |     1 ||     1
  Use: Scroll            |       |     4 |       ||     4
 Stab: Sleeping          |     1 |     4 |     1 ||     6
Armor: Animal skin       |    27 |    20 |    24 ||    71
Dodge: Dodged            |    70 |    67 |   141 ||   278

Table legend: (Time is in decaauts)
 A = Elapsed time spent in this place.
 B = Non-inter-level travel time spent in this place.
 C = Inter-level travel time spent in this place.
 D = Time resting spent in this place.
 E = Time spent auto-exploring this place.
 F = Levels seen in this place.
 G = Mean time per level.
                   A        B        C        D        E       F      G
               +--------+--------+--------+--------+--------+-----+--------+
         Total |  10872 |  10819 |     53 |   5822 |   3813 |   6 | 1812.0 |
       Dungeon |  10872 |  10819 |     53 |   5822 |   3813 |   6 | 1812.0 |
               +--------+--------+--------+--------+--------+-----+--------+

Top non-repeatable levels by time:
     D:7: 4109 daAuts
     D:3: 1886 daAuts
     D:6: 1865 daAuts
     D:1: 1226 daAuts
     D:2: 1037 daAuts
     D:4: 747 daAuts
